 Dungeon Crawl Stone Soup version 0.27.1-34-g3ba077fa99 (webtiles) character file.

Game seed: 6869401821343063483

2 zeram the Sneak (level 1, 0/14 HPs)
             Began as an Octopode Brigand on Jan 20, 2022.
             Slain by a kobold (5 damage)
             ... on level 1 of the Dungeon.
             The game lasted 00:00:18 (33 turns).

zeram the Sneak (Octopode Brigand)                    Turns: 33, Time: 00:00:18

Health: 0/14       AC:  1    Str: 10    XL:     1   Next: 30%
Magic:  1/1        EV: 12    Int: 13    God:
Gold:   0          SH:  0    Dex: 13    Spells: 0/0 levels left

rFire    . . .     SeeInvis .   a - +2 dagger
rCold    . . .     Faith    .   (no shield)
rNeg     . . .     Spirit   .   (helmet restricted)
rPois    .         Reflect  .   (no amulet)
rElec    .         Harm     .   (no ring)
rCorr    .         Rampage  .   (no ring)
Will     .....                  (no ring)
Stlth    ++++......             (no ring)
HPRegen  0.04/turn              (no ring)
MPRegen  0.07/turn              (no ring)
                                (no ring)
                                (no ring)

@: no status effects
A: almost no armour, amphibious, 8 rings, camouflage 1, gelatinous body 1,
(nimble swimmer 1), tentacles
a: no special abilities


You were on level 1 of the Dungeon.
You visited 1 branch of the dungeon, and saw 2 of its levels.

Inventory:

Hand Weapons
 a - a +2 dagger (weapon)
Missiles
 b - 8 poisoned darts (quivered)
 c - 2 curare-tipped darts
 d - 6 atropa-tipped darts
Potions
 e - a potion of mutation {unknown}


   Skills:
 - Level 2.0 Fighting
 - Level 2.0 Short Blades
 - Level 2.0 Throwing
 - Level 1.0 Dodging
 + Level 5.5 Stealth


You couldn't memorise any spells.
You didn't know any spells.
Your spell library was empty.

Dungeon Overview and Level Annotations

Branches:
Dungeon (2/15)

Altars:


Innate Abilities, Weirdness & Mutations

You cannot wear most types of armour.
You are amphibious.
You can wear up to eight rings at the same time.
Your skin changes colour to match your surroundings (Stealth+).
Your rubbery body absorbs attacks. (AC +1, EV +1)
((You are camouflaged near water. (Stealth+)))
You have tentacles for arms and can constrict up to eight enemies at once.


Message History

Found a stone staircase leading down.
You see here a murky black potion.
The helpless hobgoblin fails to defend itself.
You impale the hobgoblin!!
You kill the hobgoblin!
No target in view!
No target in view!
e - a murky black potion A hobgoblin comes into view.
Found an ivory ring.
A hobgoblin is nearby!
A hobgoblin is nearby!
A hobgoblin is nearby!
A goblin comes into view. It is wielding a +0 club.
You fall into a shaft and drop 1 floor!
The shaft crumbles and collapses.
Found an escape hatch in the ceiling.
There is an escape hatch in the ceiling here.
A mysterious force pulls you upwards. The hatch slams shut behind you.
Found 15 gold pieces and a scale mail.
Found a stone staircase leading down.
You see here 11 gold pieces.
A kobold comes into view. It is wielding a +0 club.
The kobold shouts!
You closely miss the kobold. Your grab misses the kobold.
Your squeeze misses the kobold. The kobold completely misses you.
You hit the kobold but do no damage. You grab the kobold.
You constrict the kobold.
The kobold hits you with a +0 short sword.
You hit the kobold but do no damage.
You squeeze the kobold, but do no damage.
The kobold is moderately wounded.
You constrict the kobold, but do no damage.
The kobold hits you with a +0 short sword.
You are too injured to fight recklessly!
You hit the kobold.
You kill the kobold!
The kobold barely misses you.
You hit the kobold but do no damage. Your grab misses the kobold.
The kobold hits you with a +0 club.
You die...

#. #. #. #.
######.#######
.............#.#
#..$........
###..#..>#.#.
........@.#
####..#.K).....#
#...........#
#.##......#.#
... #...#.## #
.### #.#[#.#
....# # .. ..


You could see a kobold.

Vanquished Creatures
  A hobgoblin (D:1)
  A kobold (D:1)
2 creatures vanquished.

Notes
Turn   | Place    | Note
-------+----------+-------------------------------------------
     0 | D:1      | zeram the Octopode Brigand began the quest for the Orb.
     0 | D:1      | Reached XP level 1. HP: 14/14 MP: 1/1
    20 | D:1      | You fall into a shaft and drop 1 floor!
    33 | D:1      | Slain by a kobold

Illustrated notes

Levels and vault maps discovered:
D:1:      mrwooster_arrival_statue_2, layout_loops_ring, st_stairs_7
D:2:      layout_basic, shapermc_ecumenical_altar_acropolis, minivault_19,
          uniq_natasha, uniq_crazy_yiuf_cottage, uniq_sigmund

Action                   || total
-------------------------++-------
Melee: Dagger            ||     6
       Constrict         ||     1
       Tentacles         ||     1
 Stab: Sleeping          ||     1
Dodge: Dodged            ||     2
